 Dungeon Crawl Stone Soup version 0.23.2-1-ga50397a (webtiles) character file.

Game seed: 8485270491079597929

13 myga the Magician (level 2, 0/15 HPs)
             Began as a Deep Elf Wizard on Apr 15, 2019.
             Slain by a bat (1 damage)
             ... on level 2 of the Dungeon.
             The game lasted 00:04:42 (812 turns).

myga the Magician (Deep Elf Wizard)                  Turns: 812, Time: 00:04:43

Health: 0/15       AC:  2    Str:  4    XL:     2   Next: 24%
Magic:  7/10       EV: 13    Int: 22    God:
Gold:   22         SH:  0    Dex: 13    Spells: 4/11 levels left

rFire    . . .     SeeInvis .   u - +0 short sword
rCold    . . .     Gourm    .   (no shield)
rNeg     . . .     Faith    .   r - -1 robe (curse)
rPois    .         Spirit   .   c - +0 helmet
rElec    .         Reflect  .   (no cloak)
rCorr    .         Harm     .   (no gloves)
MR       .....                  (no boots)
Stlth    +++.......             (no amulet)
HPRegen  0.05/turn              m - ring of stealth
MPRegen  0.12/turn              (no ring)

@: no status effects
A: no striking features
a: no special abilities


You were on level 2 of the Dungeon.
You were not hungry.

You visited 1 branch of the dungeon, and saw 2 of its levels.

You collected 22 gold pieces.

Inventory:

Hand Weapons
 u - a +0 short sword (weapon)
Missiles
 e - 21 arrows
 i - 17 poisoned needles
 s - 18 bolts
Armour
 a - a +0 robe
 b - a +0 hat
 c - a +0 helmet (worn)
 o - a +0 robe
 q - a +0 robe
 r - a cursed -1 robe (worn)
Jewellery
 m - a ring of stealth (left hand)
Scrolls
 n - a scroll of immolation
Potions
 f - a potion of heal wounds
 h - a potion of berserk rage
 k - a potion of flight {unknown}
 l - a potion of lignification {unknown}
Comestibles
 d - 3 rations


   Skills:
 + Level 2.7 Dodging
 + Level 2.5 Stealth
 + Level 5.1 Spellcasting
 + Level 1.1 Conjurations
 + Level 1.1 Summonings
 + Level 1.1 Translocations


You had 4 spell levels left.
You knew the following spells:

 Your Spells              Type           Power        Failure   Level  Hunger
a - Magic Dart            Conj           ##..         6%          1    None
b - Blink                 Tloc           N/A          10%         2    None
c - Call Imp              Summ           ##......     10%         2    None
d - Slow                  Hex            #.......     16%         2    None

Your spell library contained the following spells:

 Spells                   Type           Power        Failure   Level  Hunger
 Conjure Flame            Conj/Fire      #.......     24%         3    ##.....
 Mephitic Cloud           Conj/Pois/Air  #.......     26%         3    ##.....


Dungeon Overview and Level Annotations

Branches:
Dungeon (2/15)

Altars:
The Shining One


Message History

Casting: Magic Dart (safe; 6% risk of failure)
Confirm with . or Enter, or press ? or * to list all spells.
Aiming: Magic Dart (safe; 6% risk of failure)
Press: ? - help, Shift-Dir - straight line, f/p - quokka
Aim: a quokka (almost dead)
The magic dart hits the quokka.
You kill the quokka!
Casting: Magic Dart (safe; 6% risk of failure)
Confirm with . or Enter, or press ? or * to list all spells.
Aiming: Magic Dart (safe; 6% risk of failure)
Press: ? - help, Shift-Dir - straight line, f - hobgoblin
Aim: a hobgoblin The magic dart hits the hobgoblin.
The hobgoblin is lightly wounded.
The hobgoblin misses you.
A frilled lizard comes into view.
The bat hits you.
* * * LOW HITPOINT WARNING * * *
The bat hits you.
You die...

................#
.......<.........
...............##
...............?#
..........#####.##
#(#####....# .. ## .
.....##.# .#..###
......##.####......#
......##...b@.#
..........g...#
......####.....#
#.... #....## .
###...# #.>...
#l..... #######


You could see a hobgoblin, a bat and a frilled lizard (sleeping).

Vanquished Creatures
  A ball python (D:1)
  A giant cockroach (D:1)
  A goblin (D:1)
  2 hobgoblins (D:1)
  2 kobolds (D:1)
  A quokka (D:2)
  2 bats (D:1)
  A frilled lizard (D:2)
  A rat (D:1)
12 creatures vanquished.

Notes
Turn   | Place    | Note
-------+----------+-------------------------------------------
     0 | D:1      | myga the Deep Elf Wizard began the quest for the Orb.
     0 | D:1      | Reached XP level 1. HP: 10/10 MP: 7/7
   204 | D:1      | Found a glowing golden altar of the Shining One.
   435 | D:1      | Reached skill level 5 in Spellcasting
   435 | D:1      | Reached XP level 2. HP: 15/15 MP: 10/10
   629 | D:1      | Learned a level 2 spell: Blink
   634 | D:1      | Learned a level 2 spell: Call Imp
   637 | D:1      | Learned a level 2 spell: Slow
   812 | D:2      | Slain by a bat

Skill      XL: |  1 |
---------------+----+-----
Spellcasting   | 5 |  5.1
Dodging        | |  2.7
Stealth        | |  2.5
Conjurations   | |  1.1
Summonings     | |  1.1
Translocations | |  1.1

Action                   || total
-------------------------++-------
Melee: Spear             ||    19
       Short sword       ||     6
 Cast: Magic Dart        ||    22
  Use: Scroll            ||     4
Armor: Robe              ||     4
Dodge: Dodged            ||    21
